 Dungeon Crawl Stone Soup version 0.17.1-3-g152610e (webtiles) character file.

53 KarvaRausku the Conjurer (level 3, -2/22 HPs)
             Began as a High Elf Conjurer on Mar 5, 2016.
             Slain by a gnoll
             ... wielding a +0 spear
              (7 damage)
             ... on level 2 of the Dungeon.
             The game lasted 00:04:28 (1232 turns).

KarvaRausku the Conjurer (High Elf Conjurer)        Turns: 1232, Time: 00:04:28

Health: -2/22      AC:  2    Str:  7    XL:     3   Next: 62%
Magic:  8/9        EV:  8    Int: 18    God:
Gold:   81         SH:  0    Dex: 17    Spells: 2 memorised, 6 levels left

rFire  . . .     SeeInvis .     f - +0 short sword
rCold  . . .     Clarity  .     a - +0 robe
rNeg   . . .     SustAt   .     (no shield)
rPois  .         Gourm    .     (no helmet)
rElec  .         Spirit   .     (no cloak)
rCorr  .         Warding  .     (no gloves)
rMut   .         Stasis   .     (no boots)
MR     .....                    (no amulet)
Stlth  ++........               (no ring)
                                (no ring)

@: not resistant to hostile enchantments, unstealthy
A: no striking features
a: no special abilities


You were on level 2 of the Dungeon.
You were not hungry.

You visited 1 branch of the dungeon, and saw 2 of its levels.

You collected 81 gold pieces.

Inventory:

Hand Weapons
 f - a +0 short sword (weapon)
Armour
 a - a +0 robe (worn)
Scrolls
 e - 2 scrolls of magic mapping {unknown}
 h - a scroll of random uselessness {unknown}
 i - 2 scrolls of identify {unknown}
 j - a scroll of amnesia {unknown}
Potions
 d - a potion of curing {unknown}
Books
 b - a book of Conjurations

   Spells                             Type                      Level
   a - Magic Dart                     Conjuration                  1
   b - Searing Ray                    Conjuration                  2
   c - Dazzling Spray                 Conjuration/Hexes            3
   d - Fulminant Prism                Conjuration/Hexes            4
   e - Iskenderun's Mystic Blast      Conjuration                  4
   f - Iskenderun's Battlesphere      Conjuration/Charms           5
Comestibles
 c - 2 bread rations


   Skills:
 + Level 0.8 Fighting
 - Level 2.1 Dodging
 - Level 2.1 Stealth
 + Level 3.6 Spellcasting
 + Level 5.0 Conjurations


You had 6 spell levels left.
You knew the following spells:

 Your Spells              Type           Power        Failure   Level  Hunger
a - Magic Dart            Conj           ###.         1%          1    None
b - Searing Ray           Conj           ###...       3%          2    ##.....


Dungeon Overview and Level Annotations

Branches:
Dungeon (2/15)

Altars:


Message History

Aim: a gnoll, wielding a spear You miscast Searing Ray.
You are very lightly contaminated with residual magic.
You feel a strange surge of energy! The gnoll closely misses you.
Casting: Searing Ray
Confirm with . or Enter, or press ? or * to list all spells.
Aiming: Searing Ray
Press: ? - help, Shift-Dir - straight line, f/p - gnoll
Aim: a gnoll, wielding a spear The searing ray hits the gnoll.
The gnoll is heavily wounded.
The gnoll hits you from afar with a spear.
* * * LOW HITPOINT WARNING * * *
Your magical contamination has completely faded away.
There is a stone staircase leading down here.
You see here a ring mail.
There is a stone staircase leading up here.
The gnoll hits you from afar with a spear!
You die...

###....##############.######..#
.................>.##.# #..#
###.##############.##.### #..#
#.# ##.## ######......## #..#
#.###...###............# #..#
#.##.....).............# #..#
#.#.......#.#.##.......# #..#
##...........#.##.......###..###
##..............@[g##..#........[
............#.##.####..#####..##.
##...##...#.#.##.####..# #..##.
###.####...............# #..##. #
#.# ####.#.#####....# #..#.. #
#.# #.#.# #.#### #..#.# #
#.#######...# #....# #..#.# #
#...........# #.##.# ##.#.#
###########)#####.##.######.#.#


You could see a gnoll.

Vanquished Creatures
  2 gnolls (D:2)
  An adder (D:2)
  A worm (D:1)
  A ball python (D:1)
  5 goblins (D:1)
  3 hobgoblins
  4 kobolds (D:1)
  A quokka (D:2)
  A bat (D:1)
  A giant newt (D:1)
  3 rats (D:1)
23 creatures vanquished.

Notes
Turn   | Place    | Note
--------------------------------------------------------------
     0 | D:1      | KarvaRausku the High Elf Conjurer began the quest for the Orb.
     0 | D:1      | Reached XP level 1. HP: 11/11 MP: 4/4
   211 | D:1      | Reached XP level 2. HP: 15/17 MP: 1/6
   363 | D:1      | Learned a level 2 spell: Searing Ray
   847 | D:2      | Reached XP level 3. HP: 18/21 MP: 3/9
  1136 | D:2      | Reached skill level 5 in Conjurations
  1232 | D:2      | Slain by a gnoll

Action                   || total
-------------------------++-------
Melee: Short sword       ||    18
 Cast: Magic Dart        ||    34
       Searing Ray       ||     5
  Eat: Chunk             ||     1
